 Dungeon Crawl Stone Soup version 0.31-a0-182-gc5ef74bbde (webtiles) character file.

Game seed: 6045628995280244716

4536 qw the Cleaver (level 10, -7/63 HPs)
             Began as a Gargoyle Fighter on June 20, 2023.
             Was an Initiate of Okawaru.
             Killed from afar by an oklob plant (26 damage)
             ... with a splash of acid
             ... on level 9 of the Dungeon.
             The game lasted 00:03:52 (6897 turns).

qw the Cleaver (Gargoyle Fighter)                   Turns: 6897, Time: 00:03:52

Health: -7/63      AC: 23    Str: 24    XL:     10   Next: 40%
Magic:  10/10      EV: 13    Int:  9    God:    Okawaru [......]
Gold:   497        SH: 10    Dex:  9    Spells: 9/9 levels left

rFire   . . .        Y - +0 war axe (protect)
rCold   . . .        p - +0 kite shield
rNeg    + . .        o - +4 chain mail
rPois   inf          i - +0 helmet
rElec   +            (no cloak)
rCorr   .            m - +0 pair of gloves
SInv    .            j - +0 pair of boots
Will    .....        a - amulet of the acrobat Stlth
                     s - +5 ring of evasion
HPRegen 0.30/turn    (no ring)
MPRegen 0.12/turn

%: acrobat
@: corroded, under a protective aura
A: sickness immunity, AC +7, negative energy resistance 1, electricity
resistance, torment resistance 1, petrification resistance
a: Renounce Religion


You were on level 9 of the Dungeon.
You worshipped Okawaru.
Okawaru was noncommittal.
You visited 2 branches of the dungeon, and saw 10 of its levels.

You collected 497 gold pieces.


Innate Abilities, Weirdness & Mutations

You are immune to sickness and miasma.
Your stone body is resilient. (AC +7)
You are immune to poison.
You resist negative energy. (rN+)
You are resistant to electric shocks. (rElec)
You are resistant to unholy torment.
You are immune to petrification.


   Skills:
 - Level 7.0 Fighting
 + Level 9.9 Axes
 - Level 1.3 Throwing
 - Level 5.0 Armour
 - Level 1.0 Dodging
 - Level 9.0 Shields
 - Level 1.1 Invocations


You had 9 spell levels left.
You didn't know any spells.
Your spell library was empty.

Inventory:

Hand Weapons
 k - a +0 flail
 Y - a +0 war axe of protection (weapon)
Missiles
 t - a boomerang (quivered)
Armour
 i - a +0 helmet (worn)
 j - a +0 pair of boots (worn)
 m - a +0 pair of gloves (worn)
 o - a +4 chain mail (worn)
 p - a +0 kite shield (worn)
Jewellery
 a - an amulet of the acrobat (around neck)
 b - a ring of ice
 s - a +5 ring of evasion (left hand)
Scrolls
 c - 2 scrolls of teleportation
 e - a scroll of identify
Potions
 d - a potion of might
 f - a potion of haste
 g - a potion of enlightenment
 h - a potion of attraction
 l - 3 potions of resistance
 n - a potion of lignification
 q - a potion of degeneration {unknown}
 r - 2 potions of curing
 u - a potion of ambrosia {unknown}

Dungeon Overview and Level Annotations

Branches:
Dungeon (9/15)             Temple (1/1) D:7
   Lair: D:8-11         Orc: D:9-12

Altars:
Ashenzari
Cheibriados
Dithmenos
Elyvilon
Fedhas
Gozag
Hepliaklqana
Kikubaaqudgha
Makhleb
Nemelex Xobeh
Okawaru
Qazlal
Sif Muna
Trog
Uskayaw
Vehumet
Wu Jian
Xom
Yredelemnul
Zin
The Shining One

Shops:
D:2 [

Annotations:
D:5 3 runed translucent doors, qw's ghost, amateur NaHu
D:7 3 runed translucent doors, qw's ghost, novice GrFi
D:8 4 transporters


Message History

You hit the bush but do no damage. The gnoll hits you but does no damage.
You block the gnoll's attack. The gnoll hits you but does no damage.
The oklob plant spits acid at you. The splash of acid hits you!
The acid corrodes you! The gnoll barely misses you.
You hit the gnoll but do no damage.
The gnoll is almost dead.
You closely miss the gnoll. You hit the oklob plant.
You hit the bush but do no damage. The gnoll hits you but does no damage.
You block the gnoll's attack. The gnoll closely misses you.
The gnoll barely misses you.
You slash the gnoll!
You kill the gnoll!
Okawaru accepts your kill.
You hit the bush but do no damage. You completely miss the gnoll.
You hit the oklob plant but do no damage.
The gnoll hits you but does no damage. You block the gnoll's attack.
You hit the oklob plant but do no damage.
The oklob plant is moderately damaged.
You closely miss the gnoll. You hit the bush but do no damage.
The gnoll hits you but does no damage. The gnoll closely misses you.
You hit the oklob plant but do no damage.
The oklob plant is moderately damaged.
You hit the gnoll. You hit the bush. You block the gnoll's attack.
The gnoll misses you.
You slash the gnoll!
You kill the gnoll!
Okawaru accepts your kill.
You hit the bush but do no damage.
You hit the oklob plant but do no damage.
You block the gnoll's attack. The oklob plant spits acid at you.
The splash of acid misses you.
You slash the oklob plant!
The oklob plant is moderately damaged.
You hit the bush but do no damage. You block the gnoll's attack.
The oklob plant spits acid at you. The splash of acid hits you!!
You die...

........####.#
..............######
.....................
........$....##..####
....PPP......# ..#
...PP.P.()...# .#
..PPP.Pg.....## .#
..P?.P)P))....# #
..PP..>@.........
....P?P)......$..
....P.PP.......###
.....P.........#
...............#
...............#
...............#
...........[...


You could see 4 oklob plants and a gnoll.

Vanquished Creatures
  A two-headed ogre (D:8)
  A wyvern (D:8)
  3 yaks (D:7)
  2 steam dragons
  A water moccasin (D:7)
  A floating eye (D:9)
  2 ice beasts
  2 orc warriors (D:8)
  2 black bears
  A sky beast (D:6)
  2 ogres
  A centaur (D:9)
  2 phantoms
  Blork the orc (D:6)
  A bullfrog (D:7)
  2 gnoll sergeants
  2 scorpions
  4 killer bees (D:8)
  3 wights (D:8)
  4 hounds
  5 jellies
  3 orc priests
  2 gnoll boudas
  A sleepcap (D:5)
  3 iguanas
  4 orc wizards
  Robin (D:2)
  22 gnolls
  12 adders
  3 white imps
  An ufetubus (D:4)
  2 worms
  2 dart slugs
  23 orcs
  7 endoplasms
  5 giant cockroaches
  7 goblins
  12 hobgoblins
  3 quokkas
  9 ball pythons
  A bat (D:1)
  5 frilled lizards
  5 kobolds
  4 rats
  A spectral hobgoblin (D:6)
181 creatures vanquished.

Vanquished Creatures (others)
  2 killer bees (D:8)
2 creatures vanquished.

Grand Total: 183 creatures vanquished

Notes
Turn   | Place    | Note
-------+----------+-------------------------------------------
     0 | D:1      | qw the Gargoyle Fighter began the quest for the Orb.
     0 | D:1      | Reached XP level 1. HP: 14/14 MP: 1/1
     0 | D:1      | 0 ||| qw: Version: 0.3-a-9-g12657ce
     0 | D:1      | 0 ||| qw: Game counter: 1205
     0 | D:1      | 0 ||| qw: Always use a shield: true
     0 | D:1      | 0 ||| qw: God list: Okawaru
     0 | D:1      | 0 ||| qw: Allow faded altars: false
     0 | D:1      | 0 ||| qw: Do Orc after D:15 true
     0 | D:1      | 0 ||| qw: Do second Lair branch before Depths: true
     0 | D:1      | 0 ||| qw: Lair rune preference: random
     0 | D:1      | 0 ||| qw: Plans: Normal, Zot:1-4, Slime:5, God:TSO, Crypt,
                  | Tomb, Abyss, Pan, Hells, Win
     0 | D:1      | 0 ||| PLANNING D:1-11
    62 | D:1      | 62 ||| Stepping ~*~*~tactically~*~*~ (stealth).
    74 | D:1      | Reached XP level 2. HP: 19/19 MP: 2/2
   290 | D:1      | 290 ||| Stepping ~*~*~tactically~*~*~ (hiding).
   360 | D:1      | 360 ||| Stepping ~*~*~tactically~*~*~ (stealth).
   455 | D:1      | 455 ||| READING scroll labelled GOTEFF GOL MASIE.
   456 | D:1      | 456 ||| READING scroll labelled UCREAM KEOST.
   457 | D:1      | 457 ||| READING scroll labelled OMAIFR PACZU.
   458 | D:1      | 458 ||| READING scroll labelled VOTEOCITRE.
   459 | D:1      | 459 ||| DRINKING 2 metallic golden potions.
   513 | D:2      | Reached skill level 3 in Axes
   524 | D:2      | Reached XP level 3. HP: 23/23 MP: 3/3
   553 | D:2      | Found Ysiwy's Antique Armour Emporium.
   566 | D:2      | 566 ||| Stepping ~*~*~tactically~*~*~ (stealth).
   621 | D:2      | 621 ||| SHOPLISTING pair of boots (103 gold, have 50).
   621 | D:2      | 621 ||| SHOPLISTING pair of polished boots (218 gold, have
                  | 50).
   621 | D:2      | 621 ||| SHOPLISTING shiny scale mail (161 gold, have 50).
   621 | D:2      | 621 ||| SHOPLISTING spiked plate armour (644 gold, have
                  | 50).
   621 | D:2      | 621 ||| SHOPLISTING translucent scale mail (207 gold, have
                  | 50).
   644 | D:2      | Noticed Robin
   645 | D:2      | 645 ||| Stepping ~*~*~tactically~*~*~ (hiding).
   653 | D:2      | Killed Robin
   656 | D:2      | Reached XP level 4. HP: 22/28 MP: 4/4
   679 | D:2      | 679 ||| DROPPING +0 club.
   885 | D:2      | 885 ||| Stepping ~*~*~tactically~*~*~ (hiding).
  1391 | D:2      | 1391 ||| UPGRADING to +0 chain mail.
  1401 | D:2      | 1401 ||| DROPPING +0 scale mail.
  1402 | D:2      | 1402 ||| UPGRADING to +0 helmet.
  1407 | D:2      | 1407 ||| UPGRADING to +0 pair of gloves.
  1412 | D:2      | 1412 ||| UPGRADING to amulet of the acrobat.
  1417 | D:2      | 1417 ||| DROPPING amulet of magic regeneration.
  1418 | D:2      | 1418 ||| READING scroll labelled DYMOGIK QOAWN.
  1423 | D:2      | 1423 ||| READING 2 scrolls labelled YHUCKU OSHRUK.
  1424 | D:2      | 1424 ||| READING scroll labelled XIURE JAKAV.
  1425 | D:2      | 1425 ||| READING scroll labelled HABYSHR OZALO.
  1426 | D:2      | 1426 ||| DROPPING scroll of immolation.
  1538 | D:3      | 1538 ||| Stepping ~*~*~tactically~*~*~ (stealth).
  1588 | D:3      | 1588 ||| Stepping ~*~*~tactically~*~*~ (stealth).
  1591 | D:3      | 1591 ||| Stepping ~*~*~tactically~*~*~ (hiding).
  1607 | D:3      | 1607 ||| DROPPING +3 spectral club.
  1618 | D:3      | Reached XP level 5. HP: 32/32 MP: 5/5
  1680 | D:3      | 1680 ||| Stepping ~*~*~tactically~*~*~ (stealth).
  1924 | D:3      | 1924 ||| UPGRADING to +0 pair of boots.
  1929 | D:3      | 1929 ||| UPGRADING to +4 chain mail.
  1939 | D:3      | 1939 ||| DROPPING +0 chain mail.
  1991 | D:4      | Found a radiant altar of Vehumet.
  2001 | D:4      | Reached XP level 6. HP: 39/39 MP: 6/6
  2017 | D:4      | Found a glowing silver altar of Zin.
  2034 | D:4      | Found a shadowy altar of Dithmenos.
  2084 | D:4      | 2084 ||| Stepping ~*~*~tactically~*~*~ (hiding).
  2109 | D:4      | 2109 ||| FLEEEEING.
  2110 | D:4      | 2110 ||| FLEEEEING.
  2111 | D:4      | 2111 ||| FLEEEEING.
  2112 | D:4      | 2112 ||| FLEEEEING.
  2113 | D:4      | 2113 ||| FLEEEEING.
  2114 | D:4      | 2114 ||| FLEEEEING.
  2116 | D:4      | 2116 ||| FLEEEEING.
  2118 | D:4      | 2118 ||| FLEEEEING.
  2119 | D:4      | 2119 ||| FLEEEEING.
  2120 | D:4      | 2120 ||| FLEEEEING.
  2121 | D:4      | 2121 ||| FLEEEEING.
  2314 | D:4      | Reached skill level 6 in Axes
  2316 | D:4      | Reached XP level 7. HP: 37/44 MP: 7/7
  2324 | D:4      | Reached skill level 1 in Dodging
  2488 | D:4      | Found a white marble altar of Elyvilon.
  2489 | D:4      | 2489 ||| READING 2 scrolls of identify.
  2489 | D:4      | 2489 ||| IDENTIFYING murky purple potion
  2490 | D:4      | 2490 ||| DROPPING potion of invisibility.
  2713 | D:5      | Entered Level 5 of the Dungeon
  2989 | D:5      | Found a basalt altar of Yredelemnul.
  3146 | D:5      | Found a runed translucent gate.
  3147 | D:5      | Found a runed translucent gate.
  3147 | D:5      | Identified the +5 hand axe "Juofuzir" {drain, rF+ rC- SInv}
  3147 | D:5      | Identified the +0 ring mail of Arub {Drain Str+8 Int+6
                  | Dex-4}
  3147 | D:5      | Noticed qw's ghost (amateur NaHu)
  3148 | D:5      | Found a runed translucent gate.
  3211 | D:5      | Reached XP level 8. HP: 49/49 MP: 8/8
  3417 | D:5      | 3417 ||| UPGRADING to +0 kite shield.
  3427 | D:5      | 3427 ||| DROPPING +0 buckler.
  3428 | D:5      | 3428 ||| READING scroll labelled ZOSHRE HOMEBB.
  3582 | D:6      | 3582 ||| Stepping ~*~*~tactically~*~*~ (hiding).
  3648 | D:6      | 3648 ||| DRINKING 4 yellow potions.
  3809 | D:6      | Found a hazy altar of Hepliaklqana.
  3963 | D:6      | Reached skill level 6 in Shields
  3998 | D:6      | Noticed Blork the orc
  4011 | D:6      | Killed Blork the orc
  4394 | D:6      | 4394 ||| READING scroll labelled ADAREXZURRE.
  4395 | D:6      | 4395 ||| READING scroll labelled PUPTEE ECAIB.
  4396 | D:6      | 4396 ||| DRINKING 2 puce potions.
  4397 | D:6      | 4397 ||| READING 2 scrolls of identify.
  4397 | D:6      | 4397 ||| IDENTIFYING green potion
  4398 | D:6      | 4398 ||| DROPPING potion of brilliance.
  4616 | D:7      | Reached XP level 9. HP: 54/54 MP: 9/9
  4667 | D:7      | Reached skill level 6 in Fighting
  5151 | D:7      | Found a staircase to the Ecumenical Temple.
  5152 | D:7      | 5152 ||| PLANNING TEMPLE
  5184 | D:7      | 5184 ||| DRINKING 2 clear potions.
  5185 | D:7      | 5185 ||| READING 2 scrolls of identify.
  5185 | D:7      | 5185 ||| IDENTIFYING inky potion
  5192 | Temple   | Entered the Ecumenical Temple
  5198 | Temple   | 5198 ||| PLANNING OKAWARU WORSHIP
  5245 | Temple   | Became a worshipper of Warmaster Okawaru
  5246 | Temple   | 5246 ||| PLANNING D:1-11
  5424 | D:7      | Found a runed translucent gate.
  5424 | D:7      | Found a runed translucent gate.
  5424 | D:7      | Found a runed translucent gate.
  5427 | D:7      | Noticed a spectral unseen horror
  5429 | D:7      | Noticed qw's ghost (novice GrFi)
  5459 | D:7      | 5459 ||| Stepping ~*~*~tactically~*~*~ (stealth).
  5477 | D:7      | 5477 ||| FLEEEEING.
  5478 | D:7      | 5478 ||| FLEEEEING.
  5479 | D:7      | 5479 ||| FLEEEEING.
  5480 | D:7      | 5480 ||| FLEEEEING.
  5481 | D:7      | 5481 ||| FLEEEEING.
  5482 | D:7      | 5482 ||| FLEEEEING.
  5587 | D:7      | 5587 ||| READING 2 scrolls of identify.
  5587 | D:7      | 5587 ||| IDENTIFYING purple potion
  5626 | D:8      | 5626 ||| READING scroll of brand weapon.
  5626 | D:8      | 5626 ||| BRANDING +0 war axe of freezing.
  5666 | D:8      | Noticed a two-headed ogre
  5688 | D:8      | Killed a two-headed ogre
  5688 | D:8      | Reached * piety under Okawaru
  5689 | D:8      | Reached skill level 9 in Axes
  5802 | D:8      | 5802 ||| Stepping ~*~*~tactically~*~*~ (stealth).
  5805 | D:8      | 5805 ||| Stepping ~*~*~tactically~*~*~ (hiding).
  5806 | D:8      | 5806 ||| INVOKING Heroism.
  5811 | D:8      | Reached XP level 10. HP: 58/61 MP: 7/10
  5905 | D:8      | 5905 ||| Stepping ~*~*~tactically~*~*~ (hiding).
  5933 | D:8      | Reached skill level 1 in Invocations
  5984 | D:8      | Identified the +8 shortbow of the Firefly {freeze, Drain
                  | Str+3 Int+2}
  5987 | D:8      | 5987 ||| INVOKING Heroism.
  6001 | D:8      | 6001 ||| INVOKING Heroism.
  6143 | D:8      | Found a glowing golden altar of the Shining One.
  6153 | D:8      | 6153 ||| Stepping ~*~*~tactically~*~*~ (stealth).
  6156 | D:8      | 6156 ||| Stepping ~*~*~tactically~*~*~ (stealth).
  6167 | D:8      | 6167 ||| Stepping ~*~*~tactically~*~*~ (stealth).
  6176 | D:8      | 6176 ||| Stepping ~*~*~tactically~*~*~ (hiding).
  6182 | D:8      | 6182 ||| INVOKING Heroism.
  6238 | D:8      | Found a shimmering blue altar of Sif Muna.
  6525 | D:8      | Found a transporter.
  6526 | D:8      | Found a transporter.
  6528 | D:8      | Found a transporter.
  6576 | D:8      | Reached skill level 1 in Throwing
  6691 | D:8      | Found a transporter.
  6798 | D:8      | 6798 ||| UPGRADING to +5 ring of evasion.
  6853 | D:9      | Noticed an oklob plant
  6853 | D:9      | Noticed an oklob plant
  6854 | D:9      | Noticed an oklob plant
  6854 | D:9      | Paralysed by a floating eye for 4 turns
  6858 | D:9      | Noticed an oklob plant
  6862 | D:9      | Paralysed by a floating eye for 3 turns
  6866 | D:9      | Paralysed by a floating eye for 2 turns
  6869 | D:9      | 6869 ||| INVOKING Heroism.
  6881 | D:9      | Reached skill level 9 in Shields
  6897 | D:9      | Killed from afar by an oklob plant

Levels and vault maps discovered:
D:1:      heliophobic_arrival_enchanted_forest, layout_rooms
D:2:      layout_loops_ring, serial_shops, nicolae_shop_peninsula,
          minmay_tromino_v4_a, uniq_robin
D:3:      layout_basic
D:4:      layout_loops_cross, nicolae_vehumet_radiance,
          mainiacjoe_overflow_catwalk_spiral, amcnicky_altar_gilded,
          minmay_ruptured
D:5:      layout_cave_pools, nicolae_overflow_hidden_temple,
          biasface_ghost_orc_armoury, grunt_ministairs_3,
          kennysheep_generic_room_4
D:6:      layout_cave_pods, nicolae_hepliaklqana_monster_ancestors,
          uniq_blork_the_orc
D:7:      layout_cave_pods, minmay_temple_entry_grid,
          gammafunk_ghost_necromancy, hangedman_decor_points
D:8:      layout_basic, mainiacjoe_overflow_cross_hatched,
          mainiacjoe_overflow_chevrons, minmay_misc_feat_pillars,
          minmay_fountain_box, chequers_serial_rivers_micro_b,
          nicolae_diode_quadrants
D:9:      layout_small_grid, pf_just_have_faith, disabler_island, uniq_erolcha
Temple:   nicolae_temple_god_jail

Skill      XL: |  1  2  3  4  5  6  7  8  9 10 |
---------------+-------------------------------+-----
Axes           | 2 3 4 5 6 7 9 |  9.9
Fighting       | 4 5 6 7 |  7.0
Dodging        | 1 |  1.0
Armour         | 4 5 |  5.0
Shields        | 7 8 9 |  9.0
Invocations    | 1 |  1.1
Throwing       | 1 |  1.3

Action                     |  1- 3 |  4- 6 |  7- 9 | 10-12 || total
---------------------------+-------+-------+-------+-------++-------
  Melee: War axe           |    82 |   158 |   262 |   133 ||   635
  Throw: Boomerang         |       |    29 |       |     2 ||    31
 Invoke: Heroism           |       |       |     1 |     4 ||     5
    Use: Scroll            |     4 |     4 |     8 |       ||    16
         Potion            |     1 |       |     3 |       ||     4
 Armour: Scale mail        |    37 |    19 |       |       ||    56
         Chain mail        |       |    83 |   155 |    76 ||   314
  Dodge: Dodged            |    34 |    85 |    83 |    76 ||   278
  Block: Buckler           |    17 |    24 |    11 |       ||    52
         Kite shield       |       |       |    90 |    89 ||   179

Table legend:
 A = Non-vault XP
 B = Vault XP
 C = Vault XP percentage of total XP
 D = Non-vault monster count
 E = Vault monster count
 F = Vault count percentage of total count
                 A         B        C        D         E       F
            +---------+---------+-------+---------+---------+-------
      Total |    5905 |     576 |   8.9 |     161 |      22 |  12.0
            +---------+---------+-------+---------+---------+-------
        D:1 |      27 |       0 |   0.0 |      17 |       0 |   0.0
        D:2 |      72 |      30 |  29.4 |      18 |      10 |  35.7
        D:3 |      99 |       0 |   0.0 |      15 |       0 |   0.0
        D:4 |     368 |     126 |  25.5 |      24 |       5 |  17.2
        D:5 |     428 |     185 |  30.2 |       9 |       3 |  25.0
        D:6 |     773 |      90 |  10.4 |      20 |       3 |  13.0
        D:7 |    1573 |       0 |   0.0 |      21 |       0 |   0.0
        D:8 |    2246 |       0 |   0.0 |      28 |       0 |   0.0
        D:9 |     319 |     145 |  31.2 |       9 |       1 |  10.0
            +---------+---------+-------+---------+---------+-------
